Map: Royal Blood LE

Players

LunaVavelia - Winner!

  • Race: Terran Terran
  • League: Master
  • Spawn Location: 7:00

imData

  • Race: Protoss Protoss
  • League: Diamond
  • Spawn Location: 1:00

VOD

Have the link to the VOD?

Description

Time

  • Played on: April 15, 2023, 8:40 a.m.
  • Length: 11:59
Show
View Real Time Build Order
Export as new Build Order

LunaVavelia Terran - Winner!

Build Orders:  

Get SALT Encoding   

  12  0:00  SCV  
  13  0:12  SCV  
  14  0:16  Supply Depot  
  14  0:25  SCV  
  15  0:38  SCV  
  15  0:40  Barracks  
  16  0:50  SCV  
  17  1:02  SCV  
  18  1:14  Command Center  
  18  1:16  SCV  
  19  1:27  Marine  
  19  1:30  Orbital Command  
  20  1:37  Supply Depot  
  20  1:45  Marine  
  21  1:56  SCV  
  21  2:00  Barracks  
  22  2:07  Marine  
  22  2:08  Barracks  
  23  2:10  SCV  
  24  2:27  SCV  
  24  2:29  Marine  
  26  2:30  Orbital Command  
  26  2:32  Bunker  
  26  2:37  Refinery  
  26  2:38  Refinery  
  26  2:41  SCV  
  27  2:53  SCV  
  27  2:56  SCV  
  29  3:07  Command Center  
  29  3:10  SCV x2  
  31  3:14  Refinery  
  31  3:22  SCV  
  31  3:23  Barracks Tech Lab  
  31  3:24  SCV  
  33  3:34  SCV, Factory  
  33  3:36  Marine x2  
  33  3:37  SCV  
  37  3:41  Engineering Bay  
  37  3:45  Stimpack  
  37  3:46  Marine  
  37  3:47  Supply Depot  
  38  3:49  SCV  
  38  3:53  SCV  
  40  3:58  Barracks Tech Lab  
  40  4:01  SCV  
  40  4:05  SCV  
  41  4:12  Marauder  
  41  4:13  SCV, Marine  
  45  4:19  Starport  
  45  4:20  Refinery  
  45  4:21  Factory Reactor  
  45  4:24  SCV  
  46  4:32  Orbital Command  
  46  4:33  SCV  
  47  4:39  Marine  
  47  4:40  Marine  
  47  4:41  Combat Shield  
  47  4:42  Marine  
  47  4:45  SCV  
  51  4:46  SCV  
  52  4:56  Barracks  
  52  4:57  SCV  
  52  4:59  SCV  
  54  5:00  SCV  
  54  5:01  Marine  
  54  5:02  Marine x2  
  54  5:05  Medivac  
  60  5:07  Medivac  
  60  5:13  Widow Mine  
  64  5:14  SCV  
  64  5:17  SCV  
  64  5:19  Missile Turret  
  66  5:23  Missile Turret, Marine  
  66  5:24  Marine  
  66  5:28  Concussive Shells  
  68  5:29  Marine  
  68  5:30  Supply Depot  
  68  5:33  SCV x2  
  69  5:39  SCV  
  69  5:51  Factory Reactor  
  69  5:52  Supply Depot  
  69  5:54  Marine  
  69  5:57  Marauder  
  69  5:59  SCV  
  69  6:18  Medivac, SCV, Marine x2, Supply Depot  
  69  6:19  Marauder, Barracks x2  
  69  6:21  Terran Infantry Weapons Level 1  
  69  6:23  Marine  
  77  6:28  Supply Depot  
  77  6:36  Marauder, Widow Mine x2  
  77  6:37  SCV x2  
  86  6:40  SCV  
  86  6:43  Supply Depot  
  85  6:48  Marine  
  85  6:49  Marauder  
  76  7:13  Marine  
  76  7:14  Marauder  
  75  7:17  Marine, Marauder  
  75  7:19  Barracks Tech Lab  
  78  7:27  Widow Mine x2  
  78  7:28  Medivac  
  78  7:29  SCV, Medivac  
  85  7:33  Armory, Engineering Bay  
  85  7:35  Marine  
  85  7:36  Marauder  
  88  7:44  Missile Turret  
  88  7:50  Marine x2  
  90  7:57  Orbital Command  
  90  8:07  Marine x2, Marauder x2  
  90  8:08  Medivac x2, Widow Mine x2  
  90  8:09  SCV x2  
  90  8:11  Supply Depot  
  106  8:18  Missile Turret  
  106  8:20  Missile Turret, Marine x2  
  106  8:21  SCV  
  106  8:25  Bunker  
  109  8:31  Marine  
  109  8:32  SCV  
  109  8:33  SCV, Marine, Marauder  
  112  8:41  Marine, Marauder  
  113  8:45  Marine  
  113  8:46  Widow Mine  
  116  8:49  SCV  
  116  8:50  Marine, Marauder  
  116  8:54  Marauder  
  120  9:05  Marine  
  120  9:06  Marine, Marauder  
  120  9:07  Terran Infantry Armor Level 1, Terran Infantry Weapons Level 2  
  120  9:08  SCV  
  125  9:14  SCV  
  125  9:27  Marine, Supply Depot  
  125  9:29  Marine, Supply Depot  
  125  9:32  Marine  
  125  9:36  Missile Turret  
  124  9:42  Marauder  
  124  9:44  Marauder  
  124  9:46  SCV  
  124  9:49  Marauder  
  124  9:50  SCV  
  124  9:51  SCV, Supply Depot  
  129  9:53  Marine  
  129  9:54  Supply Depot  
  129  9:59  SCV  
  131  10:01  Marine  
  131  10:03  Marine, Marauder  
  131  10:06  Marauder  
  137  10:10  Marauder  
  123  10:24  Marine x2, Marauder  
  123  10:27  Marauder  
  117  10:29  Marine  
  117  10:32  SCV x3, Marauder  
  122  10:38  Command Center  
  122  10:43  Marine  
  122  10:45  SCV  
  122  10:46  Marauder  
  126  10:56  Marine x3, Marauder  
  131  10:57  Medivac  
  131  10:58  Supply Depot  
  131  11:01  Marine  
  133  11:07  Marine  
  134  11:14  Marauder  
  132  11:20  Marine  
  132  11:21  Marauder  
  132  11:24  Command Center  
Show
View Real Time Build Order
Export as new Build Order

imData Protoss 

Build Orders: 1 Gate Expand, Dark Templar Rush 

Get SALT Encoding   

  12  0:02  Probe  
  13  0:14  Probe  
  13  0:17  Pylon  
  14  0:26  Probe (Chrono Boost)  
  15  0:38  Probe (Chrono Boost)  
  15  0:40  Gateway  
  16  0:44  Probe (Chrono Boost)  
  16  0:48  Assimilator  
  17  0:53  Probe (Chrono Boost)  
  18  1:05  Probe (Chrono Boost)  
  19  1:13  Probe (Chrono Boost)  
  20  1:19  Probe  
  21  1:28  Nexus  
  21  1:37  Cybernetics Core  
  21  1:42  Assimilator  
  21  1:47  Pylon  
  21  1:51  Probe  
  21  2:03  Probe  
  22  2:10  Stalker (Chrono Boost)  
  22  2:15  Probe  
  25  2:17  Warp Gate  
  25  2:22  Twilight Council  
  25  2:27  Probe  
  26  2:33  Stalker  
  28  2:39  Probe (Chrono Boost)  
  30  2:45  Probe (Chrono Boost)  
  30  2:50  Probe (Chrono Boost)  
  31  2:54  Probe (Chrono Boost)  
  31  2:55  Probe (Chrono Boost)  
  33  2:59  Dark Shrine  
  33  3:04  Probe  
  34  3:05  Probe  
  34  3:11  Stalker  
  37  3:16  Probe  
  37  3:17  Probe  
  39  3:28  Probe  
  39  3:30  Probe  
  41  3:35  Robotics Facility  
  41  3:36  Gateway  
  41  3:41  Pylon, Gateway  
  41  3:44  Probe x2  
  43  3:53  Pylon  
  43  3:56  Probe x2  
  45  4:08  Probe x2, Assimilator  
  45  4:09  Assimilator  
  47  4:12  Dark Templar  
  49  4:18  Warp Prism (Chrono Boost)  
  49  4:22  Gateway  
  49  4:23  Probe x2  
  53  4:35  Probe x2  
  53  4:36  Pylon  
  55  4:41  Forge  
  55  4:46  Pylon  
  55  4:47  Observer  
  56  4:56  Probe x2  
  58  5:08  Probe x2, Dark Templar x2  
  58  5:09  Dark Templar  
  66  5:15  Protoss Ground Weapons Level 1 (Chrono Boost)  
  66  5:17  Dark Templar  
  68  5:21  Pylon  
  68  5:41  Charge (Chrono Boost)  
  66  5:43  Robotics Bay  
  66  5:52  Nexus  
  66  5:56  Pylon  
  66  6:02  Probe x2  
  66  6:09  Zealot x4  
  74  6:13  Gateway  
  74  6:14  Gateway  
  74  6:15  Gateway x2  
  74  6:16  Pylon  
  74  6:20  Probe x2  
  76  6:28  Colossus (Chrono Boost)  
  83  6:32  Probe  
  83  6:33  Probe  
  83  6:37  Extended Thermal Lance  
  84  6:45  Probe x2  
  86  6:48  Dark Templar x2  
  86  6:49  Dark Templar  
  75  7:10  Stalker x5  
  79  7:18  Probe x2  
  81  7:31  Probe x2  
  83  7:37  Protoss Ground Weapons Level 2 (Chrono Boost)  
  83  7:38  Colossus (Chrono Boost)  
  83  7:39  Probe  
  90  7:45  Zealot  
  90  7:46  Zealot x3  
  98  7:57  Zealot x4  
  103  8:05  Pylon x2  
  103  8:06  Pylon  
  103  8:13  Colossus (Chrono Boost)  
  109  8:24  Dark Templar x2  
  113  8:29  Zealot x2  
  113  8:30  Zealot x4  
  121  8:42  Gravitic Boosters  
  119  8:54  Zealot x4  
  119  8:55  Zealot x2  
  111  9:05  Zealot x3  
  117  9:10  Observer (Chrono Boost)  
  118  9:20  Dark Templar x3  
  114  9:36  Photon Cannon  
  112  9:38  Photon Cannon  
  112  9:44  Observer  
  112  9:54  Zealot x2  
  112  9:55  Pylon x2  
  112  9:59  Cybernetics Core  
  76  10:23  Zealot  
  76  10:24  Zealot x6  
  76  10:27  Colossus (Chrono Boost)  
  80  10:39  Probe  
  80  10:40  Probe x2  
  80  10:42  Pylon, Assimilator  
  83  10:43  Assimilator  
  83  10:44  Pylon  
  83  10:53  Dark Templar x2  
  83  10:54  Zealot x5  
  97  11:17  Zealot x4  
  97  11:27  Zealot  
  83  11:41  Zealot  
Tags
 
Add a new tag
Caveats
  • Supply blocks, unpowered buildings, or Contaminate may cause inaccurate times.
  • Supply counts are checked every 10 seconds.